 Dungeon Crawl Stone Soup version 0.28.0-53-g5a82cb258f (webtiles) character file.

Game seed: 812620659633036055

1007 DocClef the Grappler (level 8, -8/38 HPs)
             Began as a Vine Stalker Gladiator on June 26, 2022.
             Was a Follower of Okawaru.
             Mangled by a troll (10 damage)
             ... on level 5 of the Dungeon.
             The game lasted 00:04:58 (3855 turns).

DocClef the Grappler (Vine Stalker Gladiator)       Turns: 3855, Time: 00:04:59

Health: -8/38      AC: 11    Str: 20    XL:     8   Next: 20%
Magic:  0/9        EV: 12    Int:  8    God:    Okawaru [*.....]
Gold:   276        SH:  0    Dex: 15    Spells: 7/7 levels left

rFire   . . .      SeeInvis .     - Unarmed
rCold   . . .      Faith    .   (no shield)
rNeg    . . .      Spirit   +   o - +2 leather armour {Will+}
rPois   .          Reflect  .   b - +0 helmet
rElec   .          Harm     .   l - +2 cloak
rCorr   .          Rampage  .   p - +0 pair of gloves
Will    ++...                   s - +0 pair of boots
Stlth   +.........              (no amulet)
HPRegen 0.92/turn               (no ring)
MPRegen 0.11/turn               (no ring)

@: no status effects
A: fangs 3, regeneration 1, magic shield, antimagic bite, no potion heal 2
a: Renounce Religion, Heroism


You were on level 5 of the Dungeon.
You worshipped Okawaru.
Okawaru was aware of your devotion.
You visited 1 branch of the dungeon, and saw 5 of its levels.

You collected 276 gold pieces.

Inventory:

Missiles
 c - 3 throwing nets (quivered)
Armour
 b - a +0 helmet (worn)
 g - a +1 ring mail of cold resistance
 l - a +2 cloak (worn)
 o - a +2 leather armour of willpower (worn)
 p - a +0 pair of gloves (worn)
 s - a +0 pair of boots (worn)
Jewellery
 q - a ring of protection from fire
Scrolls
 d - a scroll of fear {unknown}
 e - a scroll of blinking {unknown}
 i - 4 scrolls of identify {unknown}
 k - a scroll of magic mapping {unknown}
 m - a scroll of immolation {unknown}
 n - a scroll of amnesia {unknown}
 r - a scroll of silence {unknown}
Potions
 a - a potion of curing {unknown}
 f - a potion of lignification {unknown}
 h - a potion of heal wounds {unknown}
 j - 3 potions of haste {unknown}


   Skills:
 - Level 1.7 Fighting
 - Level 1.7 Throwing
 - Level 2.4 Dodging
 + Level 9.8 Unarmed Combat


You had 7 spell levels left.
You didn't know any spells.
Your spell library contained the following spells:

 Spells                   Type           Power      Damage    Failure   Level
 Sting                    Tmut/Pois      0%         1d3       45%         1
 Ensorcelled Hibernation  Hex/Ice        0%         N/A       61%         2
 Passwall                 Tmut/Erth      0%         N/A       61%         2
 Poisonous Vapours        Pois/Air       0%         N/A       61%         2
 Swiftness                Air            0%         N/A       83%         3
 Olgreb's Toxic Radiance  Pois           0%         N/A       99%         4
 Petrify                  Tmut/Erth      0%         N/A       99%         4
 Metabolic Englaciation   Hex/Ice        0%         N/A       100%        5
 Statue Form              Tmut/Erth      0%         N/A       100%        6


Dungeon Overview and Level Annotations

Branches:
Dungeon (5/15)             Temple (0/1) D:4

Altars:
Makhleb
Okawaru

Shops:
D:1 *   D:5 (


Innate Abilities, Weirdness & Mutations

You have razor-sharp teeth.
Your natural rate of healing is unusually fast.
When hurt, damage is shared between your health and your magic reserves.
Your bite disrupts and absorbs the magic of your enemies.
Potions cannot restore your health.


Message History

You add the spells Passwall, Ensorcelled Hibernation and Swiftness to your library.
No target in view!
A troll comes into view.
A troll is nearby!
A troll is nearby!
A troll is nearby!
A troll is nearby!
Found a scroll labelled EWIMAF WAZANY.
The troll barely misses you. The troll claws you.
The troll claws you but does no damage.
You punch the troll! Your bite misses the troll.
The troll is moderately wounded.
The troll bites you! The troll claws you. x2
You barely miss the troll. Your bite misses the troll.
The troll is moderately wounded.
The troll bites you but does no damage. The troll closely misses you.
The troll claws you.
You hit the troll but do no damage.
The troll is moderately wounded.
The troll bites you but does no damage. The troll barely misses you.
The troll claws you.
You closely miss the troll.
The troll is moderately wounded.
The troll bites you. The troll claws you!
* * * LOW HITPOINT WARNING * * *
The troll claws you but does no damage.
You are too injured to fight recklessly!
You are too injured to fight recklessly!
You barely miss the troll. Your bite misses the troll.
The troll is lightly wounded.
You hit the troll. Your bite misses the troll.
The troll is moderately wounded.
The troll bites you.
* * * LOW HITPOINT WARNING * * *
The troll claws you but does no damage. x2
You hit the troll. Your bite misses the troll.
The troll is moderately wounded.
The troll closely misses you. The troll claws you.
* * * LOW HITPOINT WARNING * * *
The troll claws you!
You die...

..#. # #.#.
#. #.#. ##.#
#.#. ##...#
#.#. #.....#
#.#.
.......###
#.#.
.......T.#
##########.#.
.......#@#
.............
......##.#
#######.####.
.#...# #.#
#.####. ##.#
#.# #.#....
#? #.#
##.#...# #..
#.# ##.#.#..#
#. #.#
#.####8.# #.
#.# ##.#.#(.#
###.###.#
##.##..#


You could see a troll.

Vanquished Creatures
  2 ice beasts (D:5)
  A sky beast (D:4)
  2 necrophages (D:5)
  A water moccasin skeleton (D:4)
  A bullfrog zombie (D:5)
  A bullfrog skeleton (D:5)
  2 orc priests (D:2)
  A centaur skeleton (D:5)
  A jelly (D:3)
  Crazy Yiuf (D:3)
  3 orc wizards
  A hound skeleton (D:4)
  A howler monkey zombie (D:5)
  3 gnolls
  11 adders
  An adder skeleton (D:4)
  A worm (D:2)
  10 orcs
  6 endoplasms
  3 giant cockroaches
  7 goblins
  5 hobgoblins
  5 kobolds
  3 quokkas
  9 ball pythons
  7 bats
  4 frilled lizards
  6 rats
  A bush (D:4)
100 creatures vanquished.

Notes
Turn   | Place    | Note
-------+----------+-------------------------------------------
     0 | D:1      | DocClef the Vine Stalker Gladiator began the quest for the
                  | Orb.
     0 | D:1      | Reached XP level 1. HP: 11/11 MP: 2/2
   265 | D:1      | Found a faded altar of an unknown god.
   434 | D:1      | Reached XP level 2. HP: 13/15 MP: 3/3
   616 | D:1      | Found Jyga's General Store.
   718 | D:1      | Reached skill level 4 in Unarmed Combat
   889 | D:2      | Reached XP level 3. HP: 18/18 MP: 4/4
  1463 | D:3      | Reached skill level 5 in Unarmed Combat
  1463 | D:3      | Gained mutation: Your natural rate of healing is unusually
                  | fast. [Vine Stalker growth]
  1463 | D:3      | Reached XP level 4. HP: 21/23 MP: 3/5
  1475 | D:2      | Reached XP level 5. HP: 26/26 MP: 4/6
  1631 | D:2      | Reached skill level 6 in Unarmed Combat
  1728 | D:2      | Found a burning altar of Makhleb.
  2061 | D:3      | Found a runed translucent door.
  2062 | D:3      | Noticed Crazy Yiuf
  2182 | D:3      | Found an iron altar of Okawaru.
  2195 | D:3      | Reached XP level 6. HP: 26/30 MP: 4/7
  2197 | D:3      | Became a worshipper of Warmaster Okawaru
  2668 | D:3      | Killed Crazy Yiuf
  2765 | D:4      | Found a staircase to the Ecumenical Temple.
  2851 | D:4      | Reached skill level 7 in Unarmed Combat
  2962 | D:4      | Noticed a sky beast
  2986 | D:4      | Killed a sky beast
  2987 | D:4      | Reached XP level 7. HP: 15/34 MP: 6/8
  3366 | D:5      | Entered Level 5 of the Dungeon
  3395 | D:5      | Reached skill level 8 in Unarmed Combat
  3421 | D:5      | Reached * piety under Okawaru
  3507 | D:5      | Reached skill level 9 in Unarmed Combat
  3517 | D:5      | Gained mutation: You have razor-sharp teeth. [Vine Stalker
                  | growth]
  3517 | D:5      | Reached XP level 8. HP: 38/38 MP: 9/9
  3678 | D:5      | Found Abakaedech's Firing Range.
  3846 | D:5      | Noticed a troll
  3855 | D:5      | Mangled by a troll

Illustrated notes

Levels and vault maps discovered:
D:1:      enne_arrival_octagon_isle, layout_basic, serial_shops,
          nicolae_shop_hallway_plus, chequers_ecumenical_altar_simple
D:2:      cheibrodos_pilgrimage, layout_basic, basic_altar,
          hangedman_decor_points
D:3:      layout_basic, mainiacjoe_overflow_tiny_flanked, minmay_pentomino_pile,
          uniq_crazy_yiuf_cottage
D:4:      layout_rooms, minmay_temple_entry_waves, minmay_hedge_maze
D:5:      layout_loops_ring, elyvilon_altar_4, bloody_makhleb,
          chequers_decorated_corner, nicolae_shop_firing_range

Skill      XL: |  1  2  3  4  5  6  7 |
---------------+----------------------+-----
Unarmed Combat | 4 5 6 7 9 |  9.8
Fighting       | |  1.7
Throwing       | |  1.7
Dodging        | |  2.4

Action                   |  1- 3 |  4- 6 |  7- 9 || total
-------------------------+-------+-------+-------++-------
Melee: Unarmed           |    97 |   213 |    91 ||   401
       Bite              |    23 |    66 |    22 ||   111
       Punch             |     3 |    15 |     6 ||    24
 Stab: Sleeping          |     2 |       |       ||     2
Armor: Leather armour    |    12 |       |    15 ||    27
       Ring mail         |    15 |    63 |    20 ||    98
Dodge: Dodged            |    50 |    77 |    35 ||   162
